 Dungeon Crawl Stone Soup version 0.17-a0-963-gaa5423c (webtiles) character file.

116713 RobertPalmer the Severer (level 16, -1/140 HPs)
             Began as a Deep Dwarf Fighter on May 9, 2015.
             Was the Champion of Makhleb.
             Shot with an arrow by a deep elf master archer (23 damage)
             ... on level 3 of the Elven Halls.
             The game lasted 00:56:10 (18687 turns).

RobertPalmer the Severer (Deep Dwarf Fighter)      Turns: 18687, Time: 00:56:10

Health: -1/140     AC: 23    Str: 25    XL:     16   Next: 21%
Magic:  18/18      EV: 26    Int:  7    God:    Makhleb [******]
Gold:   1263       SH:  0    Dex: 23    Spells: 0 memorised, 15 levels left

rFire  . . .     SeeInvis +     a - +2 executioner's axe (vamp) {!w}
rCold  + . .     Clarity  .     y - +9 scale mail "Ynuufair" {rC+ Str+4 SInv}
rNeg   + . .     SustAb   .     (no shield)
rPois  +         Gourm    .     C - +2 hat of Card Tricks {rPois Dex+3 SInv Stlth+}
rElec  .         Spirit   .     d - +2 cloak
rCorr  .         Warding  .     K - +0 pair of gloves
rMut   +         Stasis   .     G - +0 pair of boots
MR     ++...                    o - amulet of resist mutation {rMut, !d}
Stlth  ++........               l - +4 ring of dexterity
                                T - +3 ring of protection

@: lethally poisoned (-1 -> -1), non-regenerating, very resistant to hostile
enchantments, unstealthy
A: damage resistance, recharge devices, horns 1, breathe flames 1, deformed
body, dopey 1, low mp 1, negative energy resistance 1, sense surroundings 2,
slow healing 3, weak 1
a: Device Recharging, Minor Destruction, Lesser Servant of Makhleb, Major
Destruction, Greater Servant of Makhleb, Renounce Religion, Breathe Fire


You were on level 3 of the Elven Halls.
You worshipped Makhleb.
Makhleb was exalted by your worship.
You were not hungry.

You visited 4 branches of the dungeon, and saw 23 of its levels.
You visited the Abyss 1 time.
You also visited: Labyrinth.

You collected 2471 gold pieces.
You spent 1102 gold pieces at shops.

Inventory:

Hand weapons
 a - a +2 vampiric executioner's axe (weapon) {!w}
   (You acquired it on level 6 of the Dungeon)
Missiles
 p - 3 throwing nets {=f, !d}
Armour
 d - a +2 cloak (worn)
   (You took it off Crazy Yiuf on level 3 of the Dungeon)
 y - the +9 scale mail "Ynuufair" (worn) {rC+ Str+4 SInv}
   (You bought it in a shop on level 4 of the Orcish Mines)

   It affects your strength (+4).
   It protects you from cold.
   It enhances your eyesight.
 C - the +2 hat of Card Tricks (worn) {rPois Dex+3 SInv Stlth+}
   (You found it on level 6 of the Dungeon)

   It affects your dexterity (+3).
   It protects you from poison.
   It enhances your eyesight.
   It makes you more stealthy.
 G - a +0 pair of boots (worn)
   (You found it on level 6 of the Dungeon)
 K - a +0 pair of gloves (worn)
   (You found it on level 9 of the Dungeon)
Rods
 U - a cursed +1 rod of destruction (12/12)
   (You found it on level 9 of the Dungeon)
Jewellery
 i - an uncursed ring of teleport control {cTele, !d}
   (You found it on level 8 of the Dungeon)
 l - a +4 ring of dexterity (right hand)
   (You found it on level 1 of the Dungeon)
 o - an amulet of resist mutation (around neck) {rMut, !d}
   (You found it on level 14 of the Dungeon)
 q - an uncursed ring of protection from fire {rF+, !d}
   (You found it on level 2 of the Dungeon)
 s - a cursed ring of teleportation {+/*tele, !d}
   (You found it on level 4 of the Dungeon)
 u - an uncursed amulet of faith {Faith, !P}
   (You found it on level 5 of the Dungeon)
 w - an uncursed amulet of clarity {Clar, !d}
   (You found it on level 5 of the Dungeon)
 T - a +3 ring of protection (left hand)
   (You found it on level 11 of the Dungeon)
Magical devices
 e - a wand of heal wounds (7)
 D - a wand of digging (15)
   (You found it on level 13 of the Dungeon)
 M - a wand of fire (2)
   (You took it off a human on level 13 of the Dungeon)
 S - a wand of fire (3)
   (You found it on level 9 of the Dungeon)
 Z - a wand of digging (11)
   (You found it on level 14 of the Dungeon)
Scrolls
 b - a scroll of fog
 h - 8 scrolls of remove curse
 k - a scroll of enchant armour
 n - 6 scrolls of fear
 A - 3 scrolls of recharging
 B - 6 scrolls of amnesia
 Q - a scroll of silence
 X - a scroll of magic mapping {!r}
Potions
 c - 2 potions of mutation {unknown}
 g - 2 potions of heal wounds
 j - a potion of magic
 r - 4 potions of curing
 t - 3 potions of brilliance
 x - a potion of might
 z - a potion of invisibility {unknown}
 F - 2 potions of resistance
 I - 2 potions of haste {unknown}
Books
 H - a book of Alchemy
   (You found it on level 3 of the Elven Halls)
Miscellaneous
 E - a plain deck of changes {drawn: 11}
   (You found it on level 13 of the Dungeon)
Comestibles
 f - 12 bread rations {@e1}
 m - 13 meat rations {@e2}
 v - 9 slices of pizza
 L - 8 fruits
 V - 2 royal jellies
 W - 3 beef jerkies


   Skills:
 + Level 8.1 Fighting
 + Level 20.5 Axes
 - Level 3.2 Armour
 - Level 16.4 Dodging
   Level 3.2 Shields
 - Level 15.2 Invocations


You had 15 spell levels left.
You didn't know any spells.

Dungeon Overview and Level Annotations

Branches:
Dungeon (15/15)            Temple (1/1) D:5            Lair (0/8) D:11
    Orc (4/4) D:12            Elf (3/3) Orc:3        Vaults (0/5) D:13
 Depths (0/5) D:15

Altars:
Ashenzari
Cheibriados
Dithmenos
Elyvilon
Fedhas
Gozag
Kikubaaqudgha
Makhleb
Nemelex Xobeh
Okawaru
Qazlal
Ru
Sif Muna
Trog
Vehumet
Xom
Yredelemnul
Zin
The Shining One

Shops:
D:5 %   D:7 *   D:10 :   Orc:3 !   Orc:4 :*%[   Elf:2 ?

Portals:
Pandemonium: Orc:4
Trove: D:12 (give +3 gold dragon armour)


Innate Abilities, Weirdness & Mutations

You are resistant to damage.
You can recharge devices by infusing magical energy.
You resist negative energy.
You passively map the area around you.
You do not heal naturally.
You have a pair of small horns on your head.
You can breathe flames.
Armour fits poorly on your strangely shaped body.
You are dopey. (Int -2)
Your magical capacity is low (-10% MP).
You are weak. (Str -2)


Message History

You slice the deep elf blademaster!!
The deep elf blademaster hits you but does no damage.
The deep elf blademaster misses you.
The deep elf master archer shoots an arrow.
The arrow hits you!!
You take 18 damage, and have 116/140 hp.
You barely miss the deep elf master archer.
Your headbutt misses the deep elf master archer.
You closely miss the deep elf blademaster.
The deep elf blademaster completely misses you.
The deep elf blademaster barely misses you.
The deep elf master archer shoots an arrow.
The arrow completely misses you.
The deep elf blademaster hits you but does no damage.
The deep elf blademaster completely misses you.
The deep elf master archer shoots an arrow.
The arrow completely misses you.
You miss the deep elf master archer.
You headbutt the deep elf master archer, but do no damage.
You slash the deep elf blademaster!
You feel better.
The deep elf blademaster hits you with a quick blade! x2
The deep elf master archer shoots an arrow.
The arrow hits you!
You take 27 damage, and have 89/140 hp.
You closely miss the deep elf master archer.
You closely miss the deep elf blademaster.
The deep elf blademaster hits you with a quick blade. x2
The deep elf master archer shoots an arrow.
The arrow barely misses you.
The deep elf blademaster hits you but does no damage.
The deep elf blademaster misses you.
You take 1 damage, and have 88/140 hp.
Unknown command.
You miss the deep elf blademaster. You slash the deep elf master archer!
You feel better.
The deep elf blademaster hits you with a quick blade!
The deep elf blademaster hits you with a quick blade.
The deep elf master archer shoots an arrow.
The arrow hits you!!
The deep elf blademaster closely misses you.
The deep elf blademaster misses you.
The deep elf master archer shoots an arrow.
The arrow hits you.
You take 10 damage, and have 78/140 hp.
You hit the deep elf blademaster. You headbutt the deep elf blademaster!
You closely miss the deep elf master archer.
The deep elf blademaster hits you with a quick blade.
The deep elf blademaster hits you with a quick blade!
The deep elf annihilator gestures wildly while chanting.
The deep elf annihilator blinks!
The deep elf master archer shoots an arrow.
The arrow barely misses you.
The deep elf blademaster hits you but does no damage.
The deep elf blademaster barely misses you.
You take 12 damage, and have 66/140 hp.
You completely miss the deep elf blademaster.
Your headbutt misses the deep elf blademaster.
You slice the deep elf master archer!!
You feel better.
The deep elf blademaster hits you with a quick blade.
The deep elf blademaster completely misses you.
The deep elf master archer shoots an arrow.
The arrow hits you.
The deep elf master archer shoots an arrow.
The arrow closely misses you.
The deep elf blademaster hits you with a quick blade.
The deep elf blademaster misses you.
You take 8 damage, and have 58/140 hp.
You completely miss the deep elf blademaster.
You miss the deep elf master archer. The deep elf blademaster misses you.
The deep elf blademaster hits you with a quick blade.
The deep elf master archer shoots an arrow.
The arrow hits you!
You take 7 damage, and have 51/140 hp.
You barely miss the deep elf blademaster.
Your headbutt misses the deep elf blademaster.
Your scale mail "Ynuufair" prevents you from hitting the deep elf master archer.
The deep elf blademaster hits you but does no damage. x2
The deep elf master archer shoots an arrow.
The arrow hits you!!
* * * LOW HITPOINT WARNING * * *
The deep elf blademaster misses you.
The deep elf blademaster hits you with a quick blade.
The deep elf master archer shoots an arrow.
The arrow closely misses you.
You take 14 damage, and have 37/140 hp.
Unknown command.
You hit the deep elf master archer but do no damage.
Your headbutt misses the deep elf master archer.
You completely miss the deep elf blademaster.
The deep elf blademaster completely misses you.
The deep elf blademaster hits you with a quick blade.
* * * LOW HITPOINT WARNING * * *
The deep elf annihilator casts a spell at you.
The poison arrow hits you!
You are poisoned.
You partially resist.
* * * LOW HITPOINT WARNING * * *
The deep elf master archer shoots an arrow.
The arrow hits you!!
You die...

#.#.## ##.##.#... #..##
##..###.. ########.##
##..## ##. ##...##
##.###..## ##
##.....#####.#.#.#######
#......))[..............
#######)################
#)# * ###@### * * ,
##..ee.## , , ,, ,
###.e.....### * , ,
,*#...........# , , ,, ,
#.....(.....# ,, ,, ,, ,
#)..........# , ,
*#...........#* , , *
#...........# , ,
*#...........# , ,


You could see a deep elf blademaster, a deep elf master archer and a deep elf
annihilator.

Vanquished Creatures
  Gastronok (D:11)
  2 tentacled starspawn (Abyss:1)
  An orc warlord (Orc:2)
  5 deep elf sorcerers
  An emperor scorpion (D:15)
  3 very ugly things (Abyss:3)
  4 deep elf demonologists
  A dire elephant (D:15)
  A deep elf annihilator (Elf:3)
  3 deep elf death magi (Elf:3)
  A minotaur (Lab)
  Erolcha (D:9)
  A deep elf high priest (Elf:1)
  A vault guard (D:13)
  A rakshasa (Abyss:1)
  Fannar (Orc:1)
  A catoblepas (D:13)
  A centaur warrior (D:13)
  5 dancing weapons (Elf:2)
  5 orc high priests
  Urug (Orc:1)
  A soul eater (Elf:3)
  11 deep elf knights
  A wretched star (Abyss:2)
  3 sun demons (Orc:4)
  2 ice devils
  A spatial maelstrom (Abyss:3)
  A gelid demonspawn (Orc:4)
  An unseen horror (D:13)
  2 wizards
  7 deep elf summoners
  2 torturous demonspawn (Orc:4)
  Pikel (D:6)
  6 orc knights
  4 hill giants
  A necromancer (D:13)
  7 deep elf conjurers
  10 orc sorcerers
  A sixfirhy (Orc:4)
  12 ugly things
  A worldbinder (Abyss:3)
  A cyclops (D:15)
  A salamander (D:15)
  3 manticores
  An orange demon (Orc:4)
  3 gargoyles
  6 smoke demons
  An efreet (D:14)
  2 ancient zymes
  7 deep elf priests
  A jumping spider (Elf:1)
  2 blue devils
  10 trolls
  A wolf spider simulacrum (D:15)
  13 slime creatures
  A raven (shapeshifter) (D:15)
  2 freezing wraiths (D:15)
  4 large abominations
  6 raiju
  A shadow (D:13)
  2 trapdoor spiders
  24 deep elf magi
  A ynoxinul (Abyss:1)
  Sigmund (D:4)
  3 redbacks (Elf:1)
  17 yaks
  21 humans (D:13)
  A basilisk (D:14)
  2 hungry ghosts
  A wraith (D:12)
  Grum (D:11)
  A wyvern (D:11)
  2 vampire mosquitoes (D:14)
  2 chaos spawn (Orc:4)
  2 hippogriffs
  4 neqoxecs
  26 deep elf fighters
  2 wargs
  A hell hound (Abyss:1)
  3 wolves (D:11)
  3 mottled dragons
  5 ice beasts
  39 orc warriors
  A slave (D:6)
  A phantom (D:12)
  4 small abominations
  7 sky beasts
  A black bear (D:10)
  An eye of draining (D:14)
  10 centaurs
  14 ogres
  2 necrophages
  3 crocodiles
  2 boggarts (Elf:1)
  12 giant frogs
  3 brain worms
  A wyvern skeleton (D:14)
  8 wights
  10 scorpions
  3 electric eels (D:10)
  2 quasits
  17 killer bees
  12 crimson imps
  2 centaur zombies
  12 starcursed masses (Abyss:1)
  3 giant frog zombies
  2 hounds
  2 centaur skeletons
  Crazy Yiuf (D:3)
  26 orc priests
  A giant frog skeleton (D:5)
  5 jellies
  19 orc wizards
  7 iguanas
  7 hell rats
  An iron imp (Orc:4)
  11 worker ants
  4 sheep (D:15)
  A hound skeleton (D:9)
  2 worker ant zombies
  15 adders
  10 gnolls
  3 shadow imps
  2 ufetubi (Abyss:2)
  4 oozes
  5 worms
  7 giant geckos
  144 orcs
  2 bat skeletons
  A bat zombie (D:5)
  4 giant cockroaches
  16 goblins
  20 hobgoblins
  4 jackals (D:8)
  6 quokkas
  A ball python (D:2)
  24 bats
  6 giant newts
  2 giant spores
  18 kobolds
  16 rats
  10 ballistomycetes
  A bush (D:1)
  4 crawling corpses
891 creatures vanquished.

Vanquished Creatures (collateral kills)
  An ugly thing (D:14)
  2 ballistomycetes (D:14)
3 creatures vanquished.

Vanquished Creatures (others)
  4 deep elf high priests (Elf:3)
  2 deep elf priests (Elf:2)
  A blue devil (Elf:3)
  2 deep elf magi
  An ice dragon skeleton (Abyss:1)
  A big kobold (D:14)
  2 lost souls (Elf:3)
  A quasit (Abyss:1)
  A gnoll (D:6)
  A hobgoblin (D:10)
  4 giant spores
  2 fungi (D:9)
  5 starspawn tentacles (Abyss:1)
  5 starspawn tentacle segments (Abyss:1)
32 creatures vanquished.

Grand Total: 926 creatures vanquished

Notes
Turn   | Place    | Note
--------------------------------------------------------------
     0 | D:1      | RobertPalmer, the Deep Dwarf Fighter, began the quest for the Orb.
     0 | D:1      | Reached XP level 1. HP: 20/20 MP: 1/1
   119 | D:1      | Reached skill level 3 in Axes
   119 | D:1      | Reached XP level 2. HP: 22/27 MP: 2/2
   861 | D:2      | Reached XP level 3. HP: 22/33 MP: 3/3
   873 | D:2      | Reached skill level 4 in Axes
  1050 | D:2      | Found a stormy altar of Qazlal.
  1271 | D:2      | Reached XP level 4. HP: 40/40 MP: 4/4
  1410 | D:3      | Noticed an ice beast
  1416 | D:3      | Killed an ice beast
  1416 | D:3      | Reached skill level 6 in Axes
  1416 | D:3      | Reached XP level 5. HP: 44/46 MP: 5/5
  1468 | D:3      | Noticed Crazy Yiuf
  1543 | D:3      | Killed Crazy Yiuf
  1952 | D:4      | Noticed Sigmund
  1975 | D:4      | Killed Sigmund
  1975 | D:4      | Reached skill level 7 in Axes
  1975 | D:4      | Reached XP level 6. HP: 55/55 MP: 6/6
  1994 | D:4      | Reached skill level 8 in Axes
  2108 | D:4      | Noticed an ogre
  2118 | D:4      | Killed an ogre
  2118 | D:4      | Reached XP level 7. HP: 47/61 MP: 7/7
  2215 | D:4      | Gained mutation: You have a pair of small horns on your head. [potion of beneficial mutation]
  2461 | D:4      | Reached skill level 9 in Axes
  2500 | D:4      | Found a burning altar of Makhleb.
  2950 | D:5      | Entered Level 5 of the Dungeon
  3183 | D:5      | Found Kuxor's Food Shoppe.
  3194 | D:5      | Found a sparkling altar of Nemelex Xobeh.
  3426 | D:5      | Found a staircase to the Ecumenical Temple.
  3446 | Temple   | Entered the Ecumenical Temple
  3660 | D:5      | Reached skill level 10 in Axes
  3712 | D:4      | Became a worshipper of Makhleb the Destroyer
  3950 | D:5      | Found a runed door.
  3969 | D:5      | Reached XP level 8. HP: 51/68 MP: 7/7
  4254 | D:6      | Got a warped hat
  4276 | D:6      | Reached skill level 11 in Axes
  4504 | D:6      | Noticed Pikel
  4519 | D:6      | Killed Pikel
  4519 | D:6      | Reached skill level 12 in Axes
  4531 | D:6      | Acquired Makhleb's first power
  4789 | D:7      | Gained mutation: You passively map the area around you. [Deep Dwarf growth]
  4789 | D:7      | Reached XP level 9. HP: 37/74 MP: 8/8
  4924 | D:7      | HP: 8/74 [ogre/giant spiked club (26)]
  4948 | D:7      | Reached skill level 13 in Axes
  4975 | D:7      | Acquired Makhleb's second power
  5026 | D:7      | Found Eryrun's Assorted Antiques.
  5034 | D:7      | Bought a scroll labeled AMITYBU ISESOU for 17 gold pieces
  5034 | D:7      | Bought a dark potion for 15 gold pieces
  5034 | D:7      | Bought a scroll labeled FYCAOL XOCHA for 17 gold pieces
  5034 | D:7      | Bought a scroll labeled SOFOEP QESUX for 17 gold pieces
  5034 | D:7      | Bought a glowing golden potion for 15 gold pieces
  5034 | D:7      | Bought a scroll labeled BESUDGH TABIH for 17 gold pieces
  5034 | D:7      | Bought a scroll labeled FIUTRA TYHEM for 17 gold pieces
  5080 | D:6      | HP: 17/74 [yak (7)]
  5118 | D:6      | Identified the +2 hat of Card Tricks {rPois Dex+3 SInv Stlth+} (You found it on level 6 of the Dungeon)
  5190 | D:7      | Reached skill level 14 in Axes
  5861 | D:8      | Acquired Makhleb's third power
  5940 | D:8      | Reached skill level 15 in Axes
  5940 | D:8      | Reached XP level 10. HP: 81/81 MP: 8/8
  6342 | D:9      | Found a white marble altar of Elyvilon.
  6504 | D:9      | Noticed Erolcha
  6508 | D:9      | Killed Erolcha
  6539 | D:9      | Found a burning altar of Makhleb.
  6569 | D:9      | Reached skill level 16 in Axes
  6638 | D:9      | Acquired Makhleb's fourth power
  7029 | D:9      | Acquired Makhleb's fifth power
  7403 | D:10     | Entered Level 10 of the Dungeon
  7403 | D:10     | Found Osonean's Book Shop.
  7554 | D:10     | Reached skill level 17 in Axes
  7646 | D:10     | Reached XP level 11. HP: 84/88 MP: 9/9
  7681 | D:10     | Reached skill level 1 in Dodging
  7697 | D:10     | Reached skill level 2 in Dodging
  8028 | D:11     | Found a sacrificial altar of Ru.
  8030 | D:11     | Found a white marble altar of Elyvilon.
  8034 | D:11     | Reached skill level 3 in Dodging
  8051 | D:11     | Reached skill level 4 in Dodging
  8181 | D:11     | Reached skill level 5 in Dodging
  8244 | D:11     | Found a staircase to the Lair.
  8510 | D:11     | Noticed Gastronok
  8516 | D:11     | Noticed Grum
  8529 | D:11     | Killed Gastronok
  8529 | D:11     | Reached skill level 7 in Dodging
  8542 | D:11     | Killed Grum
  8542 | D:11     | Reached skill level 8 in Dodging
  8894 | D:12     | Reached skill level 9 in Dodging
  8941 | D:12     | Found a labyrinth entrance.
  8962 | Lab      | Entered a labyrinth
  9024 | Lab      | Noticed a minotaur
  9034 | Lab      | Killed a minotaur
  9040 | Lab      | Got a pitted chain mail
  9051 | Lab      | Identified the cursed +0 chain mail of Ladders and Snakes {rElec} (You found it in a labyrinth)
  9071 | D:12     | Found a portal to a secret trove of treasure.
  9080 | D:12     | Reached skill level 10 in Dodging
  9203 | D:12     | Found a white marble altar of Elyvilon.
  9255 | D:12     | Found a staircase to the Orcish Mines.
  9265 | D:12     | Reached XP level 12. HP: 89/96 MP: 10/10
  9308 | D:12     | Noticed a hill giant
  9318 | D:12     | HP: 17/96 [very large slime creature (46)]
  9341 | D:12     | Killed a hill giant
  9341 | D:12     | Reached skill level 11 in Dodging
  9737 | D:13     | Reached skill level 12 in Dodging
  9824 | D:13     | Reached skill level 13 in Dodging
 10159 | D:13     | Noticed a catoblepas
 10183 | D:13     | Killed a catoblepas
 10281 | D:13     | Reached skill level 14 in Dodging
 10394 | D:13     | Noticed a centaur warrior
 10403 | D:13     | Killed a centaur warrior
 10468 | D:13     | Got a transparent chain mail
 10480 | D:13     | Identified the +2 chain mail "Zollaohe" {rElec} (You found it on level 13 of the Dungeon)
 10504 | D:13     | Noticed a vault guard
 10675 | D:14     | Reached XP level 13. HP: 102/102 MP: 11/11
 10770 | D:14     | Hired Plog the big kobold for 100 gold.
 10791 | D:14     | Reached skill level 15 in Dodging
 10963 | D:14     | Your ally Plog died
 11288 | D:15     | Entered Level 15 of the Dungeon
 11548 | D:15     | Reached skill level 16 in Dodging
 11716 | D:15     | Reached skill level 3 in Fighting
 11736 | D:15     | Noticed an emperor scorpion
 11737 | D:15     | Found a staircase to the Depths.
 11737 | D:15     | Noticed a dire elephant
 11776 | D:15     | Killed an emperor scorpion
 11788 | D:15     | Killed a dire elephant
 12075 | D:15     | Reached skill level 18 in Axes
 12562 | D:13     | Killed a vault guard
 12606 | D:13     | Found a gate to the Vaults.
 12751 | Orc:1    | Entered Level 1 of the Orcish Mines
 12751 | Orc:1    | Noticed Fannar
 12783 | Orc:1    | Killed Fannar
 12873 | Orc:1    | Noticed Urug
 12887 | Orc:1    | Killed Urug
 13230 | Orc:2    | Noticed an orc warlord
 13255 | Orc:2    | Killed an orc warlord
 13259 | Orc:2    | Gained mutation: You resist negative energy. [Deep Dwarf growth]
 13259 | Orc:2    | Reached XP level 14. HP: 81/111 MP: 11/11
 13462 | Orc:2    | Found a bloodstained altar of Trog.
 13763 | Orc:3    | Found a staircase to the Elven Halls.
 13804 | Orc:3    | Found Denit's Distillery.
 13831 | Orc:3    | Bought a potion of heal wounds for 60 gold pieces
 13831 | Orc:3    | Bought 2 potions of heal wounds for 120 gold pieces
 13831 | Orc:3    | Bought a potion of heal wounds for 60 gold pieces
 13831 | Orc:3    | Bought a potion of might for 48 gold pieces
 13831 | Orc:3    | Bought a potion of agility for 48 gold pieces
 14041 | Orc:4    | Entered Level 4 of the Orcish Mines
 14041 | Orc:4    | Found Vidduak's Antique Armour Emporium.
 14076 | Orc:4    | Bought a distressingly furry scale mail for 315 gold pieces
 14086 | Orc:4    | Identified the +9 scale mail "Ynuufair" {rC+ Str+4 SInv} (You bought it in a shop on level 4 of the Orcish Mines)
 14152 | Orc:4    | Found a bloodstained altar of Trog.
 14159 | Orc:4    | Reached skill level 19 in Axes
 14176 | Orc:4    | Found Nyeggauff's General Store.
 14177 | Orc:4    | Found Idei's Food Shoppe.
 14221 | Orc:4    | Reached skill level 1 in Invocations
 14223 | Orc:4    | Reached skill level 2 in Invocations
 14269 | Orc:4    | Reached skill level 3 in Invocations
 14295 | Orc:4    | Reached skill level 4 in Invocations
 14314 | Orc:4    | Reached skill level 5 in Invocations
 14348 | Orc:4    | Gained mutation: Your magical capacity is low (-10% MP). [a neqoxec]
 14354 | Orc:4    | Reached skill level 6 in Invocations
 14388 | Orc:4    | Found Maledasch's Antique Weapon Shop.
 14388 | Orc:4    | Found Fiemo's Book Boutique.
 14388 | Orc:4    | Found a one-way gate leading to the halls of Pandemonium.
 14390 | Orc:4    | Reached skill level 7 in Invocations
 14398 | Orc:4    | Reached skill level 8 in Invocations
 14415 | Orc:4    | Reached skill level 9 in Invocations
 14904 | Elf:1    | Entered Level 1 of the Elven Halls
 14919 | Elf:1    | Reached skill level 10 in Invocations
 15210 | Elf:1    | Noticed a deep elf sorcerer
 15216 | Elf:1    | Reached skill level 11 in Invocations
 15223 | Elf:1    | Killed a deep elf sorcerer
 15310 | Elf:1    | Noticed a deep elf sorcerer
 15315 | Elf:1    | Killed a deep elf sorcerer
 15315 | Elf:1    | Reached skill level 12 in Invocations
 15558 | Elf:1    | Reached skill level 13 in Invocations
 15665 | Elf:1    | Reached XP level 15. HP: 117/117 MP: 19/19
 16119 | Elf:2    | Found Faph's Magic Scroll Shoppe.
 16122 | Elf:2    | Bought a scroll of blinking for 112 gold pieces
 16122 | Elf:2    | Bought a scroll of recharging for 142 gold pieces
 16149 | Elf:2    | Bought a scroll of fog for 30 gold pieces
 16149 | Elf:2    | Bought a scroll of fear for 52 gold pieces
 16268 | Elf:2    | Reached skill level 14 in Invocations
 16472 | Elf:2    | Found a deep blue altar of Sif Muna.
 16599 | Elf:2    | Found a runed gate.
 16599 | Elf:2    | Found a runed gate.
 16599 | Elf:2    | Found a runed gate.
 16705 | Elf:2    | HP: 27/117 [battleaxe of chopping (14)]
 16711 | Elf:2    | HP: 24/117 [trident of protection (8)]
 16722 | Elf:2    | Noticed a deep elf blademaster
 16755 | Elf:2    | Reached skill level 15 in Invocations
 16778 | Elf:2    | Drew Focus: Str increased to 23, Int decreased to 8
 16788 | Elf:2    | HP: 27/117 [deep elf blademaster/rapier of venom (10)]
 17041 | Elf:3    | Entered Level 3 of the Elven Halls
 17073 | Elf:3    | Reached skill level 4 in Fighting
 17495 | Elf:3    | Reached skill level 5 in Fighting
 17609 | Elf:3    | Cast into the Abyss (a deep elf sorcerer)
 17792 | Abyss:1  | Noticed a tentacled starspawn
 17802 | Abyss:1  | Killed a tentacled starspawn
 17823 | Abyss:1  | Noticed a tentacled starspawn
 17829 | Abyss:1  | Killed a tentacled starspawn
 17829 | Abyss:1  | Reached skill level 6 in Fighting
 18134 | Abyss:1  | Reached skill level 20 in Axes
 18158 | Abyss:1  | Noticed a tentacled starspawn
 18293 | Abyss:2  | Gained mutation: You are very weak. (Str -4) [a neqoxec]
 18295 | Abyss:2  | Gained mutation: You can breathe flames. [a neqoxec]
 18342 | Abyss:3  | Found a corrupted altar of Lugonu.
 18453 | Abyss:3  | Gained mutation: You are dopey. (Int -2) [a neqoxec]
 18457 | Abyss:3  | Gained mutation: Armour fits poorly on your strangely shaped body. [a neqoxec]
 18467 | Abyss:3  | Reached skill level 7 in Fighting
 18491 | Abyss:3  | Reached XP level 16. HP: 138/138 MP: 18/18
 18512 | Elf:3    | Escaped the Abyss
 18596 | Elf:3    | Noticed a deep elf blademaster
 18605 | Elf:3    | Noticed a deep elf master archer
 18613 | Elf:3    | Noticed a deep elf master archer
 18620 | Elf:3    | Killed a deep elf master archer
 18667 | Elf:3    | Reached skill level 8 in Fighting
 18687 | Elf:3    | HP: 35/140 [deep elf blademaster/quick blade (2)]
 18687 | Elf:3    | Shot with an arrow by a deep elf master archer

Action                   |  1- 3 |  4- 6 |  7- 9 | 10-12 | 13-15 | 16-18 || total
-------------------------+-------+-------+-------+-------+-------+-------++-------
Melee: War axe           |   129 |   100 |   293 |       |       |       ||   522
       Executioner's axe |       |       |   118 |   694 |  1311 |    73 ||  2196
Invok: Major Destruction |       |       |       |       |     1 |       ||     1
 Abil: Device Recharging |       |       |     2 |       |     4 |       ||     6
Evoke: Wand              |     1 |     2 |    10 |     5 |    13 |     2 ||    33
       Phantom mirror    |       |       |       |     1 |       |       ||     1
       Deck              |       |       |       |       |    11 |       ||    11
  Use: Scroll            |     3 |     1 |    14 |    13 |    10 |     1 ||    42
       Potion            |       |     3 |     1 |     3 |     7 |     1 ||    15
 Stab: Sleeping          |       |       |       |     2 |       |       ||     2
       Distracted        |       |       |       |     1 |     1 |       ||     2
  Eat: Chunk             |     1 |     3 |    13 |    15 |    27 |     1 ||    60
       Beef jerky        |       |       |     3 |     1 |     1 |       ||     5
       Royal jelly       |       |       |     1 |       |       |       ||     1
       Pizza             |       |       |     1 |       |       |       ||     1

Vault maps used:
D:1:      ncdulo_smallfort, serial_forest, infiniplex_forest_straight_2,
          infiniplex_forest_clump_cross, infiniplex_forest_end_3,
          infiniplex_forest_lined_corner, infiniplex_forest_lined_room_2,
          infiniplex_forest_corner_1, infiniplex_forest_lined_room_3,
          supply_closet_lemuel, hex_tiny, nrook_mini_vaults
D:2:      nicolae_qazlal_general_emergency
D:3:      uniq_crazy_yiuf_cottage
D:4:      lemuel_doored_altar, first_bread, sigmund_army
D:5:      nemelex_xobeh_ov_fountains_minmay, temple_hall, serial_shops, shop,
          hangedman_jelly_panic
D:6:      uniq_pikel
D:7:      serial_shops, nicolae_shop_statue_plus
D:8:      grunt_pizzeria, hex_medium
D:9:      old_forge, overflow_temple_1_default, makhleb_blood_cavern_becter,
          uniq_erolcha
D:10:     serial_shops, nicolae_shop_waterfront
D:11:     erik_lair_dragon, basic_altar, nicolae_ru_awakened_eye, uniq_grum,
          uniq_gastronok
D:12:     orc_0_dummy, basic_altar, lab_entry_generic,
          nicolae_trove_entry_crossroad
D:13:     grunt_vaults_entry_tiered
D:15:     hangedman_depths_entry_try_elsewhere_first, roderic_three_in_a_row
Temple:   nicolae_temple_elliptical
Orc:1:    uniq_fannar, uniq_urug
Orc:2:    bloody_trog
Orc:3:    serial_shops, shop, nicolae_orc_pool_cavern
Orc:4:    pf_orc_diabolical, basic_altar, serial_shops, shop
Elf:1:    eino_elf_arrival_customs, hangedman_elf_disciples, grunt_ministairs_9
Elf:2:    serial_shops, shop_statue, basic_altar, uniq_wiglaf
Elf:3:    minmay_elf_hall_hex
Lab:      labyrinth_skeletal_remains

Table legend:
 A = Turns spent in this place as a percentage of turns spent in the entire game.
 B = Non-inter-level travel turns spent in this place as a percentage of non-inter-level travel turns spent in the entire game.
 C = Inter-level travel turns spent in this place as a percentage of turns spent in this place.
 D = Turns resting spent in this place as a percentage of non-inter-level travel turns spent in this place.
 E = Turns spent auto-exploring this place as a percentage of non-inter-level travel turns spent in this place.
 F = Non-inter-level travel turns spent in this place divided by the number of levels of this place that you've seen.
                   A       B       C       D       E      F
               +-------+-------+-------+-------+-------+----------------------
         Total | 100.0 | 100.0 |   0.4 |   0.3 |   8.6 | 344.0
       Dungeon |  60.6 |  60.5 |   0.5 |   0.2 |   9.9 | 374.7
        Temple |   1.1 |   1.1 |   1.9 |   0.0 |   0.0 | 104.0
  Orcish Mines |  12.5 |  12.5 |   0.3 |   0.0 |  11.1 | 289.5
   Elven Halls |  15.8 |  15.8 |   0.1 |   0.7 |   6.9 | 489.3
         Abyss |   8.9 |   9.0 |   0.0 |   0.4 |   1.1 | 278.0
     Labyrinth |   1.1 |   1.1 |   0.0 |   0.0 |   0.0 | 104.0
               +-------+-------+-------+-------+-------+----------------------

Table legend:
 A = Kills in this place as a percentage of kills in entire the game.
 B = Kills by you in this place as a percentage of kills by you in the entire game.
 C = Kills by friends in this place as a percentage of kills by friends in the entire game.
 D = Other kills in this place as a percentage of other kills in the entire game.
 E = Experience gained in this place as a percentage of experience gained in the entire game.
 F = Experience gained in this place divided by the number of levels of this place that you have seen.
                   A       B       C       D       E      F
               +-------+-------+-------+-------+-------+----------------------
         Total | 100.0 | 100.0 | 100.0 | 100.0 | 100.0 | 6175.3
       Dungeon |  57.6 |  58.1 | 100.0 |   0.0 |  35.0 | 3895.5
  Orcish Mines |  22.6 |  22.8 |   0.0 |   0.0 |  15.3 | 6391.0
   Elven Halls |  13.6 |  12.8 |   0.0 |  88.9 |  35.5 | 19719.0
         Abyss |   6.2 |   6.1 |   0.0 |  11.1 |  13.5 | 7494.3
     Labyrinth |   0.1 |   0.1 |   0.0 |   0.0 |   0.7 | 1098.0
               +-------+-------+-------+-------+-------+----------------------
